 Dungeon Crawl Stone Soup version 0.18.1-50-g88ac8fd (webtiles) character file.

15782 ololoev the Unseen (level 12, -7/51 HPs)
             Began as a Spriggan Enchanter on Oct 20, 2016.
             Was a Believer of Ashenzari.
             Mangled by a cyclops (30 damage)
             ... on level 12 of the Dungeon.
             The game lasted 00:42:40 (13842 turns).

ololoev the Unseen (Spriggan Enchanter)            Turns: 13842, Time: 00:42:40

Health: -7/51      AC:  6    Str:  5    XL:     12   Next: 4%
Magic:  20/30      EV: 27    Int: 19    God:    Ashenzari [**....]
Gold:   498        SH:  0    Dex: 18    Spells: 3 memorised, 29 levels left

rFire  . . .     SeeInvis +     a - +3 dagger (freeze) (curse)
rCold  + . .     Gourm    .     b - +1 robe (curse)
rNeg   . . .     Faith    .     (shield restricted)
rPois  .         Spirit   .     (helmet restricted)
rElec  .         Dismiss  .     (no cloak)
rCorr  .         Reflect  .     (gloves unavailable)
SustAt .         Harm     .     (boots unavailable)
MR     ++...                    (no amulet)
Stlth  +++++++...               o - ring of protection from cold (curse)
                                p - +3 ring of protection (curse)

@: very quick, very resistant to hostile enchantments, extremely stealthy
A: unfitting armour, see invisible, herbivore 3, speed 3, slow metabolism 2
a: Curse Item, Scrying, Renounce Religion


Innate Abilities, Weirdness & Mutations

You are tiny and cannot use many weapons and most armour.
You have supernaturally acute eyesight.
You are a herbivore.
You cover ground extremely quickly.
You need consume almost no food.

Inventory:

Hand Weapons
 a - a cursed +3 dagger of freezing (weapon)
 c - a +1 dagger of distortion
Armour
 b - a cursed +1 robe (worn)
Jewellery
 o - a cursed ring of protection from cold (right hand)
 p - a cursed +3 ring of protection (left hand)
Wands
 x - a wand of disintegration (8/24)
Scrolls
 e - 3 scrolls of remove curse
 g - 10 scrolls of identify
 j - a scroll of noise {unknown}
 k - a scroll of enchant weapon {unknown}
 m - 3 scrolls of teleportation {unknown}
 q - a scroll of enchant armour {unknown}
 t - a scroll of silence {unknown}
 u - a scroll of magic mapping {unknown}
 w - a scroll of recharging {unknown}
 y - a scroll of blinking {unknown}
 z - 2 scrolls of fear {unknown}
 A - a scroll of fog {unknown}
 B - 3 scrolls of amnesia {unknown}
 H - a scroll of immolation {unknown}
Potions
 f - 2 potions of curing
 h - 2 potions of magic {unknown}
 i - 3 potions of mutation {unknown}
 l - 5 potions of brilliance
 n - 2 potions of lignification {unknown}
 s - 4 potions of haste
 v - 3 potions of ambrosia {unknown}
 C - 2 potions of berserk rage {unknown}
 D - a potion of cancellation {unknown}
 E - 2 potions of might {unknown}
 F - a potion of heal wounds {unknown}
 G - 2 potions of invisibility {unknown}
Comestibles
 d - a bread ration
 r - 29 fruits


   Skills:
 + Level 8.5(10.8) Short Blades
 + Level 10.6 Dodging
 * Level 15.5 Stealth
 * Level 13.0 Spellcasting
 + Level 9.5(10.9) Hexes


You had 29 spell levels left.
You knew the following spells:

 Your Spells              Type           Power        Failure   Level  Hunger
b - Ensorcelled Hibernat  Hex/Ice        ####..       1%          2    None
c - Confuse               Hex            ######..     1%          3    None
d - Dazzling Spray        Conj/Hex       ####..       1%          3    None


You were on level 12 of the Dungeon.
You worshipped Ashenzari.
Ashenzari was pleased with you.
You were not hungry.

You visited 2 branches of the dungeon, and saw 13 of its levels.

You collected 798 gold pieces.
You spent 300 gold pieces at shops.

* * ,,, , * , , *
, , ,, , ** , * ,
, , , **
########### *** *
#...{CYYY.., , , *
######C#########**
* #.....†@.# *
#......#.#* * * *
, #......#... , ,
, , #......#####
*** ###### *
#......# #..... ,
#......# #.#### *,
* #......# #.# *
#......#
######'### *
#......#####
#........##

Notes
Turn   | Place    | Note
--------------------------------------------------------------
     0 | D:1      | ololoev the Spriggan Enchanter began the quest for the Orb.
     0 | D:1      | Reached XP level 1. HP: 9/9 MP: 5/5
   312 | D:1      | Reached XP level 2. HP: 10/13 MP: 4/7
   340 | D:1      | Learned a level 2 spell: Ensorcelled Hibernation
  1442 | D:1      | Reached skill level 5 in Stealth
  1442 | D:1      | Reached XP level 3. HP: 16/16 MP: 4/8
  1447 | D:1      | Learned a level 3 spell: Confuse
  1672 | D:2      | Found a glowing golden altar of the Shining One.
  2050 | D:3      | Reached XP level 4. HP: 21/21 MP: 7/10
  2348 | D:3      | Found a shadowy altar of Dithmenos.
  2605 | D:3      | Goblin1989: у кроул осенне-весеннее обострение
  2725 | D:3      | ololoev: ?
  2725 | D:3      | Goblin1989: статистика встала опять
  2769 | D:4      | Goblin1989: скоро обновление видимо
  2778 | D:4      | Reached skill level 6 in Stealth
  2778 | D:4      | Reached XP level 5. HP: 24/24 MP: 3/12
  2866 | D:4      | Learned a level 3 spell: Dazzling Spray
  2866 | D:4      | Goblin1989: в смысле 0.19 в стэйбл превратят
  3212 | D:4      | Noticed an ogre
  3223 | D:4      | Killed an ogre
  3223 | D:4      | Reached skill level 7 in Stealth
  3223 | D:4      | Reached XP level 6. HP: 28/28 MP: 4/14
  3416 | D:4      | Found a snail-covered altar of Cheibriados.
  3477 | D:4      | Noticed Slowdrip's ghost (amateur DrAK)
  3495 | D:4      | Killed Slowdrip's ghost
  3495 | D:4      | Reached skill level 5 in Spellcasting
  3629 | D:4      | Noticed Dowan
  3633 | D:4      | Killed Dowan
  3633 | D:4      | Reached XP level 7. HP: 32/32 MP: 16/16
  3642 | D:4      | Noticed Duvessa
  3647 | D:4      | Reached skill level 8 in Stealth
  3682 | D:4      | Killed Duvessa
  3682 | D:4      | Reached skill level 5 in Dodging
  3928 | D:4      | Goblin1989: попробовать чтоли сприггану чеи взять?
  3970 | D:4      | Found an ancient bone altar of Kikubaaqudgha.
  3970 | D:4      | Found an opulent altar of Gozag.
  3970 | D:4      | Found a stormy altar of Qazlal.
  3971 | D:4      | Found a deep blue altar of Sif Muna.
  3971 | D:4      | Found a shadowy altar of Dithmenos.
  3972 | D:4      | Found a basalt altar of Yredelemnul.
  3973 | D:4      | Found a blossoming altar of Fedhas.
  4302 | D:5      | Entered Level 5 of the Dungeon
  4335 | D:5      | Found a radiant altar of Vehumet.
  4423 | D:5      | Reached skill level 5 in Hexes
  4498 | D:5      | Reached skill level 9 in Stealth
  4516 | D:5      | Reached XP level 8. HP: 31/36 MP: 7/18
  4768 | D:5      | Found a white marble altar of Elyvilon.
  5221 | D:6      | Noticed Grinder
  5231 | D:6      | Killed Grinder
  5264 | D:6      | Found a sacrificial altar of Ru.
  5284 | D:6      | Reached skill level 10 in Stealth
  5510 | D:6      | Noticed Edmund
  5557 | D:6      | Killed Edmund
  5577 | D:6      | Noticed Menkaure
  5591 | D:6      | Reached skill level 5 in Short Blades
  5598 | D:6      | Killed Menkaure
  5598 | D:6      | Reached XP level 9. HP: 37/39 MP: 1/22
  6017 | D:6      | Noticed Prince Ribbit
  6021 | D:6      | Reached skill level 11 in Stealth
  6023 | D:6      | Killed Prince Ribbit
  6336 | D:7      | Found a sparkling altar of Nemelex Xobeh.
  6436 | D:7      | Got a dazzling scale mail
  6738 | D:7      | Found a staircase to the Ecumenical Temple.
  6749 | Temple   | Entered the Ecumenical Temple
  6930 | D:7      | Reached skill level 12 in Stealth
  7261 | D:7      | Reached XP level 10. HP: 44/44 MP: 15/24
  7935 | D:7      | Reached skill level 10 in Spellcasting
  8950 | D:8      | Found Difis's General Store.
  8960 | D:8      | Bought a potion of brilliance for 60 gold pieces
  8960 | D:8      | Bought a potion of haste for 150 gold pieces
  8960 | D:8      | Bought a scroll of remove curse for 45 gold pieces
  8960 | D:8      | Bought a scroll of remove curse for 45 gold pieces
  9182 | D:9      | Found a staircase to the Lair.
  9477 | D:9      | Reached skill level 13 in Stealth
  9721 | D:9      | Found a shattered altar of Ashenzari.
  9729 | D:9      | Became a worshipper of Ashenzari the Shackled
  9737 | D:9      | Identified the +1 scale mail of the Nine of Cups {rN+ Slay+3} (You found it on level 7 of the Dungeon)
  9907 | D:9      | Noticed Josephine
 10294 | D:9      | Found an oddly glowing altar of Pakellas.
 10508 | D:9      | Noticed a skeletal warrior
 10970 | D:9      | Reached XP level 11. HP: 47/47 MP: 10/27
 11656 | D:10     | Entered Level 10 of the Dungeon
 11808 | D:10     | Noticed an unseen horror
 11813 | D:10     | Killed an unseen horror
 11847 | D:10     | Reached skill level 14 in Stealth
 12070 | D:10     | Reached * piety under Ashenzari
 12112 | D:10     | Noticed a hill giant
 12174 | D:10     | Killed a hill giant
 12248 | D:11     | Noticed a white ugly thing
 12457 | D:11     | Killed a white ugly thing
 12511 | D:11     | Noticed a seven-headed hydra
 12518 | D:11     | Killed a seven-headed hydra
 12667 | D:11     | Reached skill level 10 in Dodging
 12794 | D:11     | Found a staircase to the Orcish Mines.
 12974 | D:11     | Noticed a hill giant
 12979 | D:11     | Killed a hill giant
 13033 | D:11     | Reached ** piety under Ashenzari
 13059 | D:11     | Noticed a vault guard
 13062 | D:11     | Killed a vault guard
 13062 | D:11     | Reached skill level 15 in Stealth
 13065 | D:11     | Found a portal to a secret trove of treasure.
 13251 | D:11     | Noticed Grum
 13434 | D:11     | Killed Grum
 13640 | D:12     | Noticed a hill giant
 13651 | D:12     | Killed a hill giant
 13686 | D:12     | Reached XP level 12. HP: 51/51 MP: 22/29
 13842 | D:12     | Mangled by a cyclops

Dungeon Overview and Level Annotations

Branches:
Dungeon (12/15)            Temple (1/1) D:7            Lair (0/8) D:9
    Orc (0/2) D:11

Altars:
Ashenzari
Cheibriados
Dithmenos
Elyvilon
Fedhas
Gozag
Kikubaaqudgha
Makhleb
Nemelex Xobeh
Okawaru
Pakellas
Qazlal
Ru
Sif Muna
Trog
Vehumet
Xom
Yredelemnul
Zin
The Shining One

Shops:
D:8 *

Portals:
Trove: D:11 (show abyssal rune of Zot)

Annotations:
D:5 exclusion: statue
D:9 Josephine


Message History

Aiming: Ensorcelled Hibernation
Press: ? - help, Shift-Dir - straight line, f/p - hippogriff
Aim: a hippogriff (chance to defeat MR: 62%)
The hippogriff resists with significant effort.
The hippogriff bites you but does no damage.
The hippogriff pecks you but does no damage.
The hippogriff completely misses you.
Casting: Ensorcelled Hibernation
Confirm with . or Enter, or press ? or * to list all spells.
Aiming: Ensorcelled Hibernation
Press: ? - help, Shift-Dir - straight line, f/p - hippogriff
Aim: a hippogriff (chance to defeat MR: 62%)
The hippogriff looks drowsy...
Casting: Ensorcelled Hibernation
Confirm with . or Enter, or press ? or * to list all spells.
You can't see any susceptible monsters within range! (Use Z to cast anyway.)
The helpless hippogriff fails to defend itself.
You stick the hippogriff like a pincushion!!!!!
You freeze the hippogriff!
You kill the hippogriff!
Your Spellcasting skill increases to level 13!
H - a scroll labeled ZYSIOL ZAJE You now have 498 gold pieces (gained 15).
h - 2 ruby potions (gained 1)
g - 10 scrolls of identify (gained 1) 2 sheep and a cyclops come into view.
A sheep comes into view.
A sheep comes into view.
The sheep bellows! x4
Casting: Ensorcelled Hibernation
Confirm with . or Enter, or press ? or * to list all spells.
Aiming: Confuse
Press: ? - help, Shift-Dir - straight line, f - sheep
Aim: a sheep (chance to defeat MR: 80%)
The sheep barely resists.
The sheep closely misses you.
Casting: Confuse
Confirm with . or Enter, or press ? or * to list all spells.
Aiming: Confuse
Press: ? - help, Shift-Dir - straight line, f/p - sheep
Aim: a sheep (chance to defeat MR: 80%)
The sheep appears confused.
The sheep barely misses the sheep.
The sheep bites the sheep!
The sheep barely misses the sheep.
You start resting.
You sense a monster nearby.
You hear a shout!
You hear a shout!
You hear a bellow!
You hear a shout!
You hit the sheep. You freeze the sheep.
The sheep is lightly wounded.
You hit the sheep. You freeze the sheep.
The sheep is moderately wounded.
You hit the sheep. You freeze the sheep.
The sheep is severely wounded.
You catch the helpless sheep completely off-guard!
You perforate the sheep like a sieve!!! You freeze the sheep.
You kill the sheep!
You start resting.
Casting: Confuse
Confirm with . or Enter, or press ? or * to list all spells.
Aiming: Ensorcelled Hibernation
Press: ? - help, Shift-Dir - straight line, f - cyclops
Aim: a cyclops (moderately wounded, chance to defeat MR: 44%)
The cyclops resists with some effort.
Casting: Ensorcelled Hibernation
Confirm with . or Enter, or press ? or * to list all spells.
Aiming: Ensorcelled Hibernation
Press: ? - help, Shift-Dir - straight line, f/p - cyclops
Aim: a cyclops (moderately wounded, chance to defeat MR: 44%)
The cyclops resists with some effort.
The cyclops hits you!!
Ouch! That really hurt!
Casting: Ensorcelled Hibernation
Confirm with . or Enter, or press ? or * to list all spells.
Aiming: Ensorcelled Hibernation
Press: ? - help, Shift-Dir - straight line, f/p - cyclops
Aim: a cyclops (moderately wounded, chance to defeat MR: 44%)
The cyclops resists with some effort.
The cyclops hits you!!
Ouch! That really hurt!
You die...

You could see a cyclops.

Vanquished Creatures
  A vault guard (D:11)
  A hydra (D:11)
  An unseen horror (D:10)
  3 hill giants
  An ugly thing (D:11)
  2 komodo dragons (D:11)
  A troll (D:11)
  Grinder (D:6)
  Prince Ribbit (D:6)
  2 flying skulls (D:9)
  5 yaks (D:12)
  The ghost of Slowdrip the Skirmisher, an amateur DrAK of Lugonu (D:4)
  Grum (D:11)
  3 vampire mosquitoes (D:11)
  3 hippogriffs
  A hungry ghost (D:7)
  2 wargs (D:9)
  Menkaure (D:6)
  Edmund (D:6)
  Duvessa (D:4)
  2 ice beasts
  4 orc warriors
  3 sky beasts
  5 black bears
  An eye of draining (D:11)
  2 wasps (D:9)
  4 phantoms
  7 necrophages (D:9)
  7 ogres
  4 wolves (D:11)
  5 centaurs
  4 big kobolds
  9 giant frogs
  A gnoll sergeant (D:7)
  3 scorpions
  Dowan (D:4)
  4 killer bees (D:7)
  A water moccasin skeleton (D:7)
  3 electric eels (D:7)
  10 wights
  6 howler monkeys
  2 wasp zombies
  4 giant frog zombies
  3 crimson imps
  9 hounds
  A centaur zombie (D:9)
  6 orc priests
  A jelly (D:10)
  18 orc wizards
  2 centaur skeletons
  8 giant frog skeletons
  3 iguanas
  9 worker ants
  A killer bee zombie (D:11)
  A sheep (D:12)
  3 hound zombies
  2 hound skeletons
  A worker ant zombie (D:9)
  7 gnolls
  A howler monkey skeleton (D:9)
  12 adders
  4 shadow imps
  2 oozes
  An adder skeleton (D:9)
  4 adder zombies
  4 worms
  5 dart slugs
  2 giant geckos
  23 orcs
  2 giant cockroaches
  8 goblins
  8 hobgoblins
  2 jackals (D:3)
  3 quokkas
  A ball python (D:4)
  4 bats
  2 giant gecko skeletons
  5 giant newts
  29 kobolds
  2 quokka skeletons (D:9)
  10 rats
334 creatures vanquished.

Action                   |  1- 3 |  4- 6 |  7- 9 | 10-12 || total
-------------------------+-------+-------+-------+-------++-------
Melee: Dagger            |    79 |    50 |   121 |   303 ||   553
 Cast: Corona            |     7 |       |       |       ||     7
       Ensorcelled Hiber |    24 |    32 |    57 |   126 ||   239
       Confuse           |       |     4 |    31 |    75 ||   110
       Dazzling Spray    |       |       |    14 |    17 ||    31
Invok: Curse Item        |       |       |       |     4 ||     4
Evoke: Wand              |       |       |       |     5 ||     5
  Use: Scroll            |       |       |       |     3 ||     3
       Potion            |       |       |       |     2 ||     2
 Stab: Sleeping          |    31 |    33 |    58 |    97 ||   219
       Distracted        |       |     1 |     1 |     1 ||     3
       Confused          |       |     3 |    16 |    51 ||    70
       Invisible         |       |       |       |     1 ||     1
  Eat: Bread ration      |       |     1 |       |     1 ||     2
       Pizza             |       |       |       |     1 ||     1
Armor: Robe              |     5 |     3 |     7 |    23 ||    38
Dodge: Dodged            |    44 |    23 |    88 |   189 ||   344

Vault maps used:
D:1:      tarquinn_simple_flora_water_c
D:2:      nicolae_tso_swordbearing_angel, first_bread
D:3:      lemuel_tele_altar
D:4:      kennysheep_slug_shrine, grunt_temple_overflow_open, uniq_duvessa
D:5:      vehumet_statue, kennysheep_mini_moat
D:6:      nicolae_whirlpool, overflow_temple_1_default, uniq_prince_ribbit1,
          uniq_grinder, uniq_menkaure, uniq_edmund
D:7:      statuecave_lemuel, nemelex_xobeh_ov_fountains_minmay,
          minmay_temple_entry_statues
D:8:      serial_shops, shop
D:9:      hangedman_screamer, cheibrodos_ashenzari_chains, marbit_many_paths,
          erik_lair_orcish_takeover, blue_anna_alchemist
D:10:     minmay_flawed_box
D:11:     orc_0_dummy, enter_trove_5, minmay_misc_feat_chi, uniq_grum
Temple:   nicolae_temple_hex_pool_5
